 Dungeon Crawl Stone Soup version 0.31-a0-167-g1c394c0614 (webtiles) character file.

Game seed: 8059605804697298361

4447 jasper the Thaumaturge (level 10, -1/44 HPs)
             Began as a Spriggan Summoner on June 14, 2023.
             Was a High Priest of Kikubaaqudgha.
             Killed by divine providence
             ... invoked by an orc priest
              (11 damage)
             ... on level 8 of the Dungeon.
             The game lasted 00:19:23 (8806 turns).

jasper the Thaumaturge (Spriggan Summoner)          Turns: 8806, Time: 00:19:23

Health: -1/44      AC:  5    Str:  4    XL:     10   Next: 15%
Magic:  12/24      EV: 17    Int: 25    God:    Kikubaaqudgha [*****.]
Gold:   375        SH:  7    Dex: 19    Spells: 4/27 levels left

rFire   . . .        c - +1 spear
rCold   . . .        e - +1 buckler
rNeg    . . .        a - +0 robe
rPois   .            (helmet restricted)
rElec   .            d - +2 cloak "Muoriet" {Int+3 Dex+4}
rCorr   .            (gloves unavailable)
SInv    +            (boots unavailable)
Will    +....        (no amulet)
Stlth   +++          (no ring)
HPRegen 0.27/turn    (no ring)
MPRegen 0.19/turn

%: no passive effects
@: very quick
A: very small, no large weapons, unfitting armour, see invisible, speed 3
a: Renounce Religion, Unearth Wretches, Torment


You were on level 8 of the Dungeon.
You worshipped Kikubaaqudgha.
Kikubaaqudgha was extremely pleased with you.
You visited 1 branch of the dungeon, and saw 8 of its levels.
You also visited: Sewer.

You collected 375 gold pieces.

Inventory:

Hand Weapons
 c - a +1 spear (weapon)
 v - a +2 whip of electrocution
Missiles
 t - a throwing net
Armour
 a - a +0 robe (worn)
 d - the +2 cloak "Muoriet" (worn) {Int+3 Dex+4}
   (You acquired it on level 4 of the Dungeon)

   Int:       It affects your intelligence (+3).
   Dex:       It affects your dexterity (+4).
 e - a +1 buckler (worn)
 z - +0 swamp dragon scales
Jewellery
 y - a ring of magical power
Wands
 m - a wand of flame (35)
 u - a wand of acid (2)
 w - a wand of charming (36)
 x - a wand of iceblast (18)
Scrolls
 k - 2 scrolls of enchant armour
 l - 2 scrolls of fear
 q - 3 scrolls of identify
 s - 2 scrolls of teleportation
Potions
 b - 2 potions of magic
 f - 3 potions of might
 g - a potion of haste
 h - 2 potions of heal wounds
 i - 4 potions of curing
 j - a potion of attraction
 n - a potion of brilliance
 o - 2 potions of degeneration
 p - 3 potions of mutation
 r - a potion of enlightenment


   Skills:
 - Level 0.3 Fighting
 - Level 3.0 Dodging
 - Level 3.0 Stealth
 - Level 4.8 Shields
 - Level 9.0 Spellcasting
 - Level 8.0 Hexes
 + Level 8.0 Summonings
 - Level 2.0 Air Magic


You had 4 spell levels left.
You knew the following spells:

 Your Spells              Type           Power      Damage    Failure   Level
a - Summon Small Mammal   Summ           100%       N/A       1%          1
b - Call Imp              Summ           100%       N/A       1%          2
c - Call Canine Familiar  Summ           50%        N/A       1%          3
d - Summon Lightning Spi  Summ/Air       36%        N/A       12%         4
e - Anguish               Hex/Necr       15%        N/A       19%         4
f - Animate Dead          Necr           11%        N/A       67%         4
g - Summon Mana Viper     Hex/Summ       50%        N/A       10%         5

Your spell library contained the following spells:

 Spells                   Type           Power      Damage    Failure   Level
 Summon Guardian Golem    Hex/Summ       50%        N/A       1%          3
 Apportation              Tloc           22%        N/A       10%         1
 Kiss of Death            Conj/Necr      44%        2d8       10%         1
 Necrotise                Necr           44%        1d6       10%         1
 Summon Ice Beast         Ice/Summ       31%        N/A       19%         4
 Ignite Poison            Fire/Tmut/Pois 11%        N/A       28%         3
 Vampiric Draining        Necr           11%        2d6       28%         3
 Dispel Undead            Necr           11%        3d9       67%         4
 Sticky Flame             Conj/Fire      11%        2d3       67%         4
 Borgnjor's Vile Clutch   Necr/Erth      5%         N/A       95%         5
 Monstrous Menagerie      Summ           25%        N/A       97%         7
 Simulacrum               Ice/Necr       5%         N/A       100%        6
 Ignition                 Fire           5%         3d4       100%        8


Dungeon Overview and Level Annotations

Branches:
Dungeon (8/15)             Temple (0/1) D:6           Sewer (visited)
   Lair: D:8-11

Altars:
Gozag
Hepliaklqana
Kikubaaqudgha
Makhleb
Nemelex Xobeh
Okawaru
Ru
Sif Muna
Xom
Yredelemnul
Zin
The Shining One

Shops:
D:2 (??   D:7 ([


Innate Abilities, Weirdness & Mutations

You are very small and have problems with some larger weapons.
You are too small for most types of armour.
You have supernaturally acute eyesight. (SInv)
You cover ground extremely quickly. (Speed+++)


Message History

The centaur is haunted by guilt!
The orc warrior resists with some effort.
The orc priest is haunted by guilt!
The yak is haunted by guilt!
The yak easily resists.
The yak resists with some effort.
You now have 16/24 mp.
Casting: Anguish (quite dangerous; 19% risk of failure)
Confirm with . or Enter, or press ? or * to list all spells.
The centaur shoots an arrow.
You block the arrow. The yak gores your lightning spire!
A yak comes into view.
You now have 13/24 mp.
Casting: Call Canine Familiar (safe; 1% risk of failure)
Confirm with . or Enter, or press ? or * to list all spells.
A tiny devil pulls itself out of the air.
The orc warrior barely misses you.
A yak comes into view.
The yak gores your lightning spire but does no damage.
You now have 12/24 mp.
The yak gores your lightning spire!
The orc priest mumbles some strange prayers to Beogh against you.
Beogh smites you!
The orc priest is wracked by anguish!
You take 11 damage, and have 23/44 hp.
MASSIVE DAMAGE!!
Your wolf bites the orc warrior.
The yak gores your lightning spire.
Your lightning spire is destroyed!
Your lightning spire disappears in a puff of smoke!
An orc comes into view. It is wielding a +0 short sword.
You block the orc warrior's attack.
Your wolf closely misses the orc warrior.
Your wolf barely misses the orc warrior.
Your cerulean imp hits the orc warrior but does no damage.
The orc warrior hits you from afar with a +0 halberd!
* * * LOW HITPOINT WARNING * * *
You take 14 damage, and have 9/44 hp.
MASSIVE DAMAGE!!
Your wolf barely misses the orc warrior.
Your cerulean imp hits the orc warrior but does no damage.
Your wolf bites the orc warrior but does no damage.
The orc priest invokes the aid of Beogh against you.
Beogh smites you!
You die...
Kikubaaqudgha rasps: "You have failed me!
Welcome... death!"

#....o§....# #
##....§YY...# #######
......§Y....# #......
#ocY...# #......
##o##### #......
#.###h##########......
#...5.................
###.###.###############.
.......@................
###.###.################
#.# #.# #.# #.# #.# #.#
#.#


You could see 4 yaks, an orc warrior (distracted, ally target), a centaur
(anguished), an orc priest (anguished), a friendly wolf (summoned) and a
friendly cerulean imp (summoned).

Vanquished Creatures
  2 yaks (D:8)
  A black bear (D:6)
  A phantom (D:7)
  A bullfrog (D:6)
  A hound (D:4)
  A sleepcap (D:6)
  A worm (D:3)
  A dart slug (D:3)
  7 orcs
  5 bats
  2 endoplasms
  2 giant cockroaches
  4 goblins
  5 hobgoblins
  2 jackals
  11 kobolds
  2 quokkas
  7 ball pythons
  2 frilled lizards
  A kobold zombie (D:8)
  An orc zombie (D:8)
  3 rats
63 creatures vanquished.

Vanquished Creatures (collateral kills)
  Pikel (D:5)
  Maggie (D:8)
  A troll (D:7)
  5 yaks (D:8)
  A water moccasin (D:8)
  A sky beast (D:8)
  An orc warrior (D:7)
  4 ogres
  A centaur (D:7)
  3 lemures (D:5)
  2 kobold brigands
  A bullfrog (D:6)
  3 scorpions
  4 killer bees (D:7)
  A howler monkey (D:7)
  2 jellies
  Crazy Yiuf (D:4)
  4 orc priests
  2 hounds
  An iron imp (D:8)
  Jessica (D:3)
  4 iguanas
  2 sleepcaps
  Ijyb (D:4)
  3 orc wizards
  7 adders
  3 gnolls (D:5)
  A shadow imp (D:6)
  A white imp (D:5)
  3 worms
  A dart slug (D:5)
  35 orcs
  4 ball pythons
  2 endoplasms
  5 giant cockroaches
  3 goblins
  8 hobgoblins
  7 jackals
  5 quokkas (D:3)
  7 bats
  2 goblin skeletons (D:8)
  3 goblin zombies (D:8)
  3 hobgoblin zombies (D:8)
  19 kobolds
  A kobold skeleton (D:8)
  3 orc skeletons (D:8)
  2 orc zombies (D:8)
  2 rats
178 creatures vanquished.

Vanquished Creatures (others)
  A human (D:3)
  A killer bee (D:7)
  2 orcs (D:7)
4 creatures vanquished.

Grand Total: 245 creatures vanquished

Notes
Turn   | Place    | Note
-------+----------+-------------------------------------------
     0 | D:1      | jasper the Spriggan Summoner began the quest for the Orb.
     0 | D:1      | Reached XP level 1. HP: 9/9 MP: 5/5
    84 | D:1      | Reached skill level 3 in Spellcasting
   170 | D:1      | Reached XP level 2. HP: 8/13 MP: 4/7
   185 | D:1      | Learned a level 2 spell: Call Imp
   324 | D:1      | Found a faded altar of an unknown god.
   357 | D:1      | Prayed at the altar of an unknown god.
   357 | D:1      | Became a worshipper of Kikubaaqudgha
   357 | D:1      | Reached * piety under Kikubaaqudgha
   357 | D:1      | Received a gift from Kikubaaqudgha
   960 | D:2      | Reached XP level 3. HP: 11/16 MP: 5/8
   964 | D:2      | Learned a level 3 spell: Call Canine Familiar
  1220 | D:2      | Found Ecvej's Weapon Emporium.
  1328 | D:2      | Reached ** piety under Kikubaaqudgha
  1386 | D:2      | Found Equ Quex's Magic Scroll Shoppe.
  1520 | D:2      | Found Ommim's Magic Scroll Shop.
  1947 | D:3      | Reached XP level 4. HP: 21/21 MP: 5/9
  2123 | D:3      | Found a sacrificial altar of Ru.
  2451 | D:3      | Reached skill level 5 in Summonings
  2611 | D:3      | Found a glowing drain.
  2646 | Sewer    | Entered a sewer
  2902 | Sewer    | Reached XP level 5. HP: 21/24 MP: 10/10
  2922 | Sewer    | Learned a level 4 spell: Summon Lightning Spire
  2990 | Sewer    | Reached *** piety under Kikubaaqudgha
  2990 | Sewer    | Received a gift from Kikubaaqudgha
  2991 | Sewer    | Reached skill level 4 in Spellcasting
  3068 | D:3      | Found an opulent altar of Gozag.
  3083 | D:3      | Reached skill level 5 in Spellcasting
  3093 | D:3      | Reached XP level 6. HP: 14/28 MP: 5/15
  3102 | D:3      | Learned a level 4 spell: Anguish
  3206 | D:3      | Noticed Jessica
  3212 | D:3      | Killed Jessica
  3440 | D:3      | Found an ancient bone altar of Kikubaaqudgha.
  3446 | D:3      | Noticed a human
  3450 | D:3      | Killed a human
  3674 | D:4      | Reached skill level 6 in Spellcasting
  3809 | D:4      | Learned a level 4 spell: Animate Dead
  3994 | D:4      | Found a runed translucent door.
  3995 | D:4      | Noticed Crazy Yiuf
  4186 | D:4      | Identified a scroll of acquirement
  4186 | D:4      | Acquired the +2 cloak "Muoriet" {Int+3 Dex+4}
  4203 | D:4      | Noticed Ijyb
  4216 | D:4      | Killed Ijyb
  4218 | D:4      | Reached skill level 7 in Spellcasting
  4382 | D:4      | Reached **** piety under Kikubaaqudgha
  4614 | D:4      | Reached XP level 7. HP: 7/32 MP: 18/18
  5034 | D:4      | Killed Crazy Yiuf
  5147 | D:5      | Entered Level 5 of the Dungeon
  5157 | D:5      | Reached skill level 8 in Spellcasting
  5624 | D:5      | Reached skill level 9 in Spellcasting
  5624 | D:5      | Reached skill level 1 in Hexes
  5630 | D:5      | Learned a level 5 spell: Summon Mana Viper
  5695 | D:5      | Noticed Pikel
  5729 | D:5      | Killed Pikel
  5730 | D:5      | Reached XP level 8. HP: 36/36 MP: 4/22
  6182 | D:5      | Found an iron altar of Okawaru.
  6292 | D:6      | Reached skill level 1 in Air Magic
  6303 | D:6      | Reached skill level 5 in Hexes
  6384 | D:6      | Found a shimmering blue altar of Sif Muna.
  6446 | D:6      | Found a staircase to the Ecumenical Temple.
  6730 | D:6      | Reached XP level 9. HP: 19/39 MP: 23/23
  7539 | D:7      | Noticed a troll
  7551 | D:7      | Killed a troll
  7631 | D:7      | Found a glowing silver altar of Zin.
  7673 | D:7      | Found a basalt altar of Yredelemnul.
  7774 | D:7      | Found Liojamib's Armour Emporium.
  7844 | D:7      | Reached ***** piety under Kikubaaqudgha
  8033 | D:7      | Found a burning altar of Makhleb.
  8053 | D:7      | Found a shimmering altar of Xom.
  8057 | D:7      | Found a sparkling altar of Nemelex Xobeh.
  8077 | D:7      | Found a hazy altar of Hepliaklqana.
  8125 | D:7      | Found Jucac's Weapon Boutique.
  8169 | D:7      | Noticed an angel
  8170 | D:7      | Noticed a balrug
  8322 | D:8      | Found a glowing golden altar of the Shining One.
  8387 | D:8      | Noticed Maggie
  8394 | D:8      | Killed Maggie
  8524 | D:8      | Reached XP level 10. HP: 44/44 MP: 19/24
  8806 | D:8      | Killed from afar by an orc priest

Illustrated notes

Levels and vault maps discovered:
D:1:      ebering_hopf_link, layout_loops_ring, ebering_ecumenical_altar_webs
D:2:      layout_basic, serial_shops, shop, shop, nicolae_shop_rolled_up
D:3:      layout_basic, tgw_kikubaaqudgha, general_overflow_altar,
          grunt_gozag_statues, portal_sewer_entry_f, minmay_starry_boxes,
          uniq_jessica
D:4:      layout_loops_corners, kennysheep_dice, uniq_ijyb,
          uniq_crazy_yiuf_cottage
D:5:      layout_gridville, old_standard_altar, hex_medium, uniq_pikel
D:6:      layout_loops_ring, nicolae_overflow_crystal_walls, temple_pool_b,
          minivault_26
D:7:      layout_cave_pools, grunt_temple_overflow_order_and_chaos_2,
          overflow_temple_1_default, lemuel_doored_altar,
          mainiacjoe_overflow_big_doors, serial_shops,
          nicolae_shop_tiny_waterfront, nicolae_shop_behind_doors
D:8:      layout_basic, nicolae_tso_besieged_by_evil, uniq_maggie

Skill      XL: |  1  2  3  4  5  6  7  8  9 10 |
---------------+-------------------------------+-----
Spellcasting   | 3 5 7 9 |  9.0
Summonings     | 4 5 6 8 |  8.0
Dodging        | 3 |  3.0
Hexes          | 4 6 8 |  8.0
Air Magic      | 2 |  2.0
Shields        | 3 4 |  4.8
Fighting       | |  0.3
Stealth        | |  3.0

Action                     |  1- 3 |  4- 6 |  7- 9 | 10-12 || total
---------------------------+-------+-------+-------+-------++-------
  Melee: Spear             |   118 |   183 |   167 |    11 ||   479
         Punch             |     2 |     2 |     2 |       ||     6
   Cast: Summon Small Mamm |    11 |       |       |       ||    11
         Call Imp          |    12 |    18 |    13 |     1 ||    44
         Call Canine Famil |     2 |    15 |    35 |     3 ||    55
         Summon Lightning  |       |     1 |    14 |     2 ||    17
         Anguish           |       |       |     1 |     1 ||     2
    Use: Scroll            |    11 |     8 |     2 |       ||    21
         Potion            |       |       |     1 |       ||     1
   Stab: Sleeping          |     9 |     3 |     2 |       ||    14
         Distracted        |       |       |     4 |     1 ||     5
 Armour: Robe              |    18 |     5 |    20 |     1 ||    44
  Dodge: Dodged            |   101 |   153 |   124 |    10 ||   388
  Block: Buckler           |       |       |       |     3 ||     3

Table legend: (Time is in decaauts)
 A = Elapsed time spent in this place.
 B = Non-inter-level travel time spent in this place.
 C = Inter-level travel time spent in this place.
 D = Time resting spent in this place.
 E = Time spent auto-exploring this place.
 F = Levels seen in this place.
 G = Mean time per level.
                   A        B        C        D        E       F      G
               +--------+--------+--------+--------+--------+-----+--------+
         Total |   6855 |   6724 |    131 |    311 |   4725 |   9 |  761.7 |
       Dungeon |   6502 |   6371 |    131 |    267 |   4552 |   8 |  812.8 |
         Sewer |    352 |    352 |      0 |     44 |    173 |   1 |  352.0 |
               +--------+--------+--------+--------+--------+-----+--------+

Top non-repeatable levels by time:
     D:4: 1170 daAuts
     D:3: 995 daAuts
     D:5: 904 daAuts
     D:6: 812 daAuts
     D:1: 725 daAuts
     D:7: 710 daAuts
     D:2: 706 daAuts
     D:8: 478 daAuts
   Sewer: 352 daAuts
